 Dungeon Crawl Stone Soup version 0.28.0-43-g3370ac3207 (webtiles) character file.

Game seed: 10250281088877812426

114 pkoi the Gusty (level 4, -8/33 HPs)
             Began as a Draconian Air Elementalist on Mar 15, 2022.
             Killed by divine providence
             ... invoked by an orc priest
              (10 damage)
             ... on level 3 of the Dungeon.
             The game lasted 00:01:48 (3090 turns).

pkoi the Gusty (Draconian Air Elementalist)         Turns: 3090, Time: 00:01:48

Health: -8/33      AC:  6    Str: 11    XL:     4   Next: 67%
Magic:  3/7        EV: 12    Int: 17    God:
Gold:   62         SH:  0    Dex: 11    Spells: 6/7 levels left

rFire   . . .      SeeInvis .   a - +2 dagger (venom)
rCold   . . .      Faith    .   (no shield)
rNeg    . . .      Spirit   .   (armour unavailable)
rPois   .          Reflect  .   (helmet restricted)
rElec   .          Harm     .   (no cloak)
rCorr   .          Rampage  .   g - +0 pair of gloves
Will    .....                   (no boots)
Stlth   ++........              (no amulet)
HPRegen 0.11/turn               (no ring)
MPRegen 0.10/turn               (no ring)

@: no status effects
A: AC +5, unfitting armour, cold-blooded
a: no special abilities


You were on level 3 of the Dungeon.
You visited 1 branch of the dungeon, and saw 3 of its levels.

You collected 62 gold pieces.

Inventory:

Hand Weapons
 a - a +2 dagger of venom (weapon)
Armour
 g - a +0 pair of gloves (worn)
Scrolls
 e - a scroll of blinking {unknown}
 f - a scroll of immolation {unknown}
Potions
 b - a potion of might {unknown}
 c - 2 potions of curing {unknown}
 d - a potion of lignification {unknown}


   Skills:
 - Level 1.7 Dodging
 - Level 1.7 Stealth
 - Level 2.0 Spellcasting
 - Level 1.0 Conjurations
 + Level 5.5 Air Magic


You had 6 spell levels left.
You knew the following spells:

 Your Spells              Type           Power      Damage    Failure   Level
a - Shock                 Conj/Air       48%        1d6       4%          1

Your spell library contained the following spells:

 Spells                   Type           Power      Damage    Failure   Level
 Swiftness                Air            20%        N/A       6%          3
 Static Discharge         Conj/Air       12%        N/A       8%          2
 Airstrike                Air            10%        N/A       21%         4


Dungeon Overview and Level Annotations

Branches:
Dungeon (3/15)

Altars:


Innate Abilities, Weirdness & Mutations

Your plain brown scales are hard. (AC +5)
You cannot fit into any form of body armour.
You are cold-blooded and may be slowed by cold attacks.


Message History

You climb downwards.
The orc priest invokes the aid of Beogh against you.
Pain shoots through your body!
The orc priest invokes the aid of Beogh against you.
Pain shoots through your body!
* * * LOW HITPOINT WARNING * * *
There is a stone staircase leading up here.
You are too injured to fight recklessly!
You are too injured to fight recklessly!
You are too injured to fight recklessly!
Aiming: Shock (safe; 4% risk of failure)
Press: ? - help, Q - select action Shift-Dir - straight line The zap misses the orc priest.
The zap hits the orc priest.
The orc priest is lightly wounded.
Unknown command.
Aiming: Shock (safe; 4% risk of failure)
Press: ? - help, Q - select action Shift-Dir - straight line The zap hits the orc priest.
The orc priest is moderately wounded.
An orc comes into view. It is wielding a +0 dagger.
An orc priest comes into view. It is wielding a +0 mace.
Aiming: Shock (safe; 4% risk of failure)
Press: ? - help, Q - select action Shift-Dir - straight line The zap hits the orc priest.
The orc priest is severely wounded.
Unknown command.
Aiming: Shock (safe; 4% risk of failure)
Press: ? - help, Q - select action Shift-Dir - straight line, f - orc priest
Aim: an orc priest, wielding a +0 mace (68% to hit)
The zap hits the orc priest.
The orc priest is almost dead.
The zap hits the orc priest.
The orc priest is moderately wounded.
The orc priest calls down the wrath of Beogh upon you.
Beogh smites you!
Ouch! That really hurt!
* * * LOW HITPOINT WARNING * * *
The orc priest invokes the aid of Beogh against you.
Beogh smites you!
You die...

######..#
#@.......
#o.####.#
#o.# #..#
....
.o### ...
.#..


You could see 2 orc priests and an orc.

Vanquished Creatures
  An orc priest (D:2)
  4 adders (D:2)
  A dart slug (D:2)
  An orc (D:2)
  A ball python (D:1)
  3 endoplasms
  2 giant cockroaches (D:1)
  6 hobgoblins
  6 jackals
  2 quokkas (D:1)
  4 bats
  4 frilled lizards (D:2)
  6 kobolds
  3 rats
44 creatures vanquished.

Notes
Turn   | Place    | Note
-------+----------+-------------------------------------------
     0 | D:1      | pkoi the Draconian Air Elementalist began the quest for the
                  | Orb.
     0 | D:1      | Reached XP level 1. HP: 14/14 MP: 3/3
   377 | D:1      | Reached XP level 2. HP: 18/20 MP: 5/5
   830 | D:1      | Reached skill level 4 in Air Magic
   949 | D:1      | Found a faded altar of an unknown god.
  1154 | D:2      | Reached XP level 3. HP: 26/26 MP: 2/6
  2124 | D:2      | Reached XP level 4. HP: 33/33 MP: 2/7
  2460 | D:2      | Reached skill level 5 in Air Magic
  3090 | D:3      | Killed from afar by an orc priest

Illustrated notes

Levels and vault maps discovered:
D:1:      dpeg_arrival_rooms_a, layout_basic, basic_ecumenical_altar
D:2:      layout_loops_ring
D:3:      layout_basic, grunt_qazlal_clouds, nicolae_overflow_crystal_walls,
          serial_glass, glass_columns_c, glass_columns_b, glass_columns_a,
          glass_columns_a, kennysheep_generic_room_13

Skill      XL: |  1  2  3  4 |
---------------+-------------+-----
Air Magic      | 4 5 |  5.5
Dodging        | |  1.7
Stealth        | |  1.7
Spellcasting   | |  2.0
Conjurations   | |  1.0

Action                   |  1- 3 |  4- 6 || total
-------------------------+-------+-------++-------
Melee: Dagger            |    18 |    11 ||    29
       Tailslap          |     5 |     4 ||     9
 Cast: Shock             |    68 |    20 ||    88
 Stab: Sleeping          |     1 |       ||     1
Armor: Skin              |     5 |     8 ||    13
Dodge: Dodged            |    15 |    13 ||    28
